 Dungeon Crawl Stone Soup version 0.30.1-11-g7821555f0a (webtiles) character file.

Game seed: 12282546269682385803

1881 deskach the Ruffian (level 8, -2/65 (72) HPs)
             Began as a Troll Transmuter on Jan 2, 2024.
             Was a Priest of Okawaru.
             Slain by a wight
             ... wielding a +4 great sword
              (14 damage)
             ... on level 7 of the Dungeon.
             The game lasted 00:30:33 (4435 turns).

deskach the Ruffian (Troll Transmuter)              Turns: 4435, Time: 00:30:34

HP:   -2/65 (72)    AC:  4    Str: 19    XL:     8   Next: 91%
MP:   11/11         EV: 10    Int: 11    God:    Okawaru [***...]
Gold: 275           SH:  0    Dex: 10    Spells: 5/13 levels left

rFire   . .          .
                       - Unarmed
rCold   . . .        (no shield)
rNeg    + . .        a - +0 robe
rPois   .            (helmet restricted)
rElec   .            (no cloak)
rCorr   .            (gloves unavailable)
SInv    .            (boots unavailable)
Will    .....        (no amulet)
Stlth   +            w - ring of positive energy
HPRegen 1.10/turn    u - ring of flight
MPRegen 0.12/turn

%: no passive effects
@: flying, drained
A: large, unfitting armour, claws 3, regeneration 1, shaggy fur 1, tough skin 1
a: Renounce Religion, Heroism


You were on level 7 of the Dungeon.
You worshipped Okawaru.
Okawaru was most pleased with you.
You visited 1 branch of the dungeon, and saw 7 of its levels.

You collected 275 gold pieces.

Inventory:

Missiles
 q - 15 javelins (quivered)
 r - 2 boomerangs
 t - a throwing net
Armour
 a - a +0 robe (worn)
Jewellery
 j - a ring of poison resistance
 o - a +6 ring of dexterity
 u - a ring of flight (right claw)
 w - a ring of positive energy (left claw)
Scrolls
 c - 2 scrolls of teleportation {unknown}
 f - 2 scrolls of noise {unknown}
 g - a scroll of blinking {unknown}
 h - a scroll of acquirement {unknown}
 i - 2 scrolls of amnesia {unknown}
 k - a scroll of torment {unknown}
 n - a scroll of fear {unknown}
 s - a scroll of fog {unknown}
 x - a scroll of poison {unknown}
Potions
 b - a potion of lignification
 d - 3 potions of curing
 e - a potion of haste
 l - a potion of cancellation
 m - a potion of ambrosia
 p - 3 potions of flight {unknown}
 v - 2 potions of attraction


   Skills:
 + Level 1.9 Fighting
 + Level 2.6 Throwing
 + Level 4.2 Dodging
 + Level 7.4 Unarmed Combat
 + Level 3.2 Spellcasting
 * Level 4.0 Transmutations


You had 5 spell levels left.
You knew the following spells:

 Your Spells              Type           Power      Damage    Failure   Level
a - Beastly Appendage     Tmut           20%        N/A       4%          1
I - Ice Form              Ice/Tmut       6%         N/A       75%         4
S - Spider Form           Tmut/Pois      6%         N/A       34%         3

Your spell library contained the following spells:

 Spells                   Type           Power      Damage    Failure   Level
 Wereblood                Tmut           10%        N/A       8%          2
 Inner Flame              Hex/Fire       1%         N/A       61%         3
 Flame Wave               Conj/Fire      1%         2d4       95%         4
 Sticky Flame             Conj/Fire      1%         2d3       95%         4


Dungeon Overview and Level Annotations

Branches:
Dungeon (7/15)             Temple (0/1) D:5

Altars:
Cheibriados
Fedhas
Gozag
Hepliaklqana
Okawaru
Qazlal
Zin

Annotations:
D:6 4 runed translucent doors, exclusion: 2 doors


Innate Abilities, Weirdness & Mutations

You are too large for most types of armour.
You have claws for hands.
Your natural rate of healing is unusually fast.
You are covered in fur. (AC +1)
You have tough skin. (AC +1)


Message History

The wight closely misses you. The wight attacks as you move away!
The wight closely misses you. The wight attacks as you move away!
The wight misses you.
Your transformation has ended.
Your +0 robe unmelds from your body.
You scratch the wight but do no damage.
The wight is heavily damaged.
The wight barely misses you.
You mangle the wight!!
You destroy the wight!
Okawaru accepts your kill.
Your Transmutations skill increases to level 4!
The wight hits you with a +4 great sword!
Things that are here:
a +2 hand axe; a +0 robe You scratch the wight but do no damage.
The wight hits you with a +4 great sword!
You partially resist.
You feel drained. The wight attacks as you move away!
The wight hits you with a +4 great sword!
* * * LOW HITPOINT WARNING * * *
You partially resist.
You feel drained.
* * * LOW HITPOINT WARNING * * *
You aren't carrying any items that you can evoke.
Okay, then.
It was a potion of curing.
You feel better.
The wight hits you with a +4 great sword!
* * * LOW HITPOINT WARNING * * *
The wight attacks as you move away!
The wight hits you with a +4 great sword.
* * * LOW HITPOINT WARNING * * *
The wight attacks as you move away!
The wight hits you with a +4 great sword!
* * * LOW HITPOINT WARNING * * *
You partially resist.
You feel drained. The wight attacks as you move away!
The wight closely misses you. The wight attacks as you move away!
The wight closely misses you. The wight attacks as you move away!
The wight hits you with a +4 great sword!
You die...

....#.#.#..# #.........#
#. ##.#.#)#..# ### #.
#.[.##..# .#.# #.
##.###).# ....# #. #..#
#..# ....# #.
#..###..###....## #.
#................
#.####.####@...###.####
#.........z.#..# #....##
###.##.#.##....###.....###
##.##..#.##.#...)).......
#
##.#...###...#####........
#.##.###......###
#....#.## #..<## ##(#.#.#
#.#.## ####.# ...... #.#.#
#.# #.#.# #.#.#


You could see a wight.

Vanquished Creatures
  Eustachio (D:5)
  A water moccasin (D:5)
  2 orc warriors
  2 ice beasts (D:6)
  A black bear (D:3)
  3 ogres
  A centaur (D:5)
  A kobold brigand (D:6)
  A bullfrog (D:6)
  A scorpion (D:6)
  2 wights (D:7)
  A howler monkey (D:6)
  2 jellies (D:5)
  A hound (D:5)
  3 sleepcaps
  An iguana (D:5)
  An orc wizard (D:4)
  Terence (D:3)
  10 gnolls
  5 adders
  2 white imps
  4 worms
  2 dart slugs (D:5)
  16 orcs
  7 bats
  An endoplasm (D:1)
  5 giant cockroaches
  9 goblins
  8 hobgoblins
  13 jackals
  5 quokkas
  6 ball pythons
  4 frilled lizards
  8 kobolds
  7 rats
138 creatures vanquished.

Notes
Turn   | Place    | Note
-------+----------+-------------------------------------------
     0 | D:1      | deskach the Troll Transmuter began the quest for the Orb.
     0 | D:1      | Reached XP level 1. HP: 18/18 MP: 1/1
    75 | D:1      | Reached XP level 2. HP: 24/26 MP: 0/3
   271 | D:1      | Reached XP level 3. HP: 32/32 MP: 2/4
   277 | D:1      | Learned a level 3 spell: Spider Form
   336 | D:1      | Found a faded altar of an unknown god.
   758 | D:2      | Identified the +1 leather armour of Tulips {+Inv Str+6
                  | Dex-4}
   940 | D:2      | Reached skill level 1 in Fighting
   940 | D:2      | Reached skill level 4 in Unarmed Combat
  1313 | D:3      | Reached XP level 4. HP: 41/41 MP: 5/5
  1517 | D:3      | Found an iron altar of Okawaru.
  1525 | D:3      | Became a worshipper of Warmaster Okawaru
  1822 | D:3      | Found a hazy altar of Hepliaklqana.
  1884 | D:3      | Noticed Terence
  1887 | D:3      | Killed Terence
  1888 | D:3      | Reached XP level 5. HP: 48/48 MP: 4/6
  2236 | D:4      | Noticed an ogre
  2295 | D:4      | Noticed a black bear
  2329 | D:3      | Killed a black bear
  2330 | D:3      | Reached skill level 5 in Unarmed Combat
  2330 | D:3      | Reached XP level 6. HP: 55/55 MP: 8/8
  2576 | D:4      | Reached skill level 1 in Throwing
  3056 | D:5      | Entered Level 5 of the Dungeon
  3125 | D:5      | Found a blossoming altar of Fedhas.
  3217 | D:5      | Reached XP level 7. HP: 57/62 MP: 7/9
  3226 | D:5      | Reached * piety under Okawaru
  3353 | D:5      | Found a glowing silver altar of Zin.
  3369 | D:5      | Found a snail-covered altar of Cheibriados.
  3421 | D:5      | Found a staircase to the Ecumenical Temple.
  3425 | D:5      | Noticed Eustachio
  3444 | D:5      | Reached skill level 6 in Unarmed Combat
  3541 | D:5      | Found an opulent altar of Gozag.
  3635 | D:5      | Killed Eustachio
  3635 | D:5      | Reached ** piety under Okawaru
  3636 | D:5      | Reached XP level 8. HP: 55/70 MP: 5/11
  3921 | D:6      | Found a large runed translucent door.
  3921 | D:6      | Found a large runed translucent door.
  3926 | D:6      | Noticed a two-headed ogre
  3973 | D:6      | Learned a level 4 spell: Ice Form
  3987 | D:6      | Found a stormy altar of Qazlal.
  3998 | D:6      | Found a large runed translucent door.
  3998 | D:6      | Found a large runed translucent door.
  4039 | D:6      | Noticed a cyan ugly thing
  4252 | D:6      | Reached skill level 7 in Unarmed Combat
  4402 | D:7      | Reached *** piety under Okawaru
  4435 | D:7      | Slain by a wight

Illustrated notes

Levels and vault maps discovered:
D:1:      grunt_arrival_crossed_arrows, layout_basic, basic_ecumenical_altar,
          minmay_curled_crystal
D:2:      layout_rooms
D:3:      layout_basic, nicolae_hepliaklqana_hippocampus,
          kennysheep_okawaru_gauntlet, kennysheep_donut, grunt_ministairs_6,
          uniq_terence
D:4:      layout_loops_ring, grunt_ministairs_8, kennysheep_generic_room_9
D:5:      layout_basic, nicolae_gozag_seed_capital,
          fedhas_bush_and_centaur_altar, mainiacjoe_overflow_catwalk_spiral,
          minmay_temple_entry_crystal_x, hangedman_minor_gate_pass,
          uniq_eustachio
D:6:      layout_cave_pools, overflow_temple_1_default,
          minmay_hollow_rounded_squares
D:7:      layout_loops_ring, kennysheep_little_box

Skill      XL: |  1  2  3  4  5  6  7  8 |
---------------+-------------------------+-----
Dodging        | 2 3 4 |  4.2
Fighting       | 1 |  1.9
Unarmed Combat | 4 5 6 7 |  7.4
Transmutations | 2 4 |  4.0
Spellcasting   | 2 3 |  3.2
Throwing       | 1 2 |  2.6

Action                     |  1- 3 |  4- 6 |  7- 9 || total
---------------------------+-------+-------+-------++-------
  Melee: Unarmed           |   125 |    96 |   140 ||   361
         Kick              |     6 |    21 |    25 ||    52
         Headbutt          |     4 |    10 |    16 ||    30
         Punch             |     3 |     3 |     6 ||    12
  Throw: Javelin           |       |    20 |    25 ||    45
   Cast: Beastly Appendage |    12 |    20 |    17 ||    49
         Spider Form       |       |       |     5 ||     5
    Use: Potion            |     1 |     1 |     3 ||     5
         Scroll            |       |     2 |     4 ||     6
   Stab: Sleeping          |       |     3 |       ||     3
 Armour: Robe              |    39 |    34 |    22 ||    95
         Skin              |     2 |     9 |     1 ||    12
  Dodge: Dodged            |    52 |    76 |    79 ||   207
